 Dungeon Crawl Stone Soup version 0.28-a0-1130-gc51a68064b (webtiles) character file.

Game seed: 18359519088937783666

8934 mandarbmax the Grappler (level 11, -3/109 HPs)
             Began as a Troll Cinder Acolyte on Dec 13, 2021.
             Was a High Priest of Ignis.
             Shot with an arrow by a centaur (12 damage)
             ... on level 11 of the Dungeon.
             The game lasted 00:22:30 (8546 turns).

mandarbmax the Grappler (Troll Cinder Acolyte)      Turns: 8546, Time: 00:22:31

Health: -3/109     AC:  9    Str: 24    XL:     11   Next: 16%
Magic:  11/11      EV: 10    Int: 10    God:    Ignis [*****.]
Gold:   485        SH:  0    Dex:  9    Spells: 12/12 levels left

rFire   + . .      SeeInvis .     - Unarmed
rCold   . . .      Faith    .   (no shield)
rNeg    . . .      Spirit   .   B - +0 swamp dragon scales
rPois   +          Reflect  .   (helmet restricted)
rElec   .          Harm     .   (no cloak)
rCorr   .          Rampage  .   (gloves unavailable)
Will    .....                   (boots unavailable)
Stlth   ..........              (no amulet)
HPRegen 1.08/turn               (no ring)
MPRegen 0.12/turn               (no ring)

@: no status effects
A: large, unfitting armour, claws 3, regeneration 1, shaggy fur 1, tough skin 1
a: Renounce Religion, Fiery Armour, Foxfire Swarm, Rising Flame


You were on level 11 of the Dungeon.
You worshipped Ignis.
Ignis was extremely pleased with you.
You visited 2 branches of the dungeon, and saw 12 of its levels.
You also visited: Ossuary.

You collected 567 gold pieces.
You spent 82 gold pieces at shops.

Inventory:

Missiles
 h - 44 poisoned darts
 u - 2 javelins
 v - 2 throwing nets
 w - 3 boomerangs (quivered)
 G - a curare-tipped dart
 H - 5 large rocks
Armour
 n - a +2 robe of cold resistance
 B - +0 swamp dragon scales (worn)
Jewellery
 g - a ring of positive energy
Wands
 i - a wand of acid (9)
 o - a wand of flame (32)
 z - a wand of mindburst (22)
 A - a wand of charming (8)
 E - a wand of polymorph (6)
Scrolls
 b - 5 scrolls of teleportation
 c - a scroll of immolation
 d - 3 scrolls of vulnerability
 e - 2 scrolls of fog
 l - a scroll of fear {unknown}
 q - a scroll of noise {unknown}
 s - 2 scrolls of blinking
 x - 3 scrolls of enchant weapon
 y - a scroll of amnesia {unknown}
 J - a scroll of torment {unknown}
Potions
 a - 3 potions of mutation
 f - 2 potions of flight
 j - 7 potions of curing
 k - 3 potions of lignification
 m - 2 potions of resistance
 p - 3 potions of attraction
 r - 4 potions of might
 t - a potion of haste {unknown}
 D - 2 potions of heal wounds
 F - a potion of ambrosia {unknown}
 I - a potion of berserk rage {unknown}
Miscellaneous
 C - a tin of tremorstones (2/2)


   Skills:
 + Level 7.2 Fighting
 + Level 6.8 Throwing
 - Level 6.0 Dodging
 * Level 11.8 Unarmed Combat
 - Level 1.0 Spellcasting
 - Level 2.1 Fire Magic


You had 12 spell levels left.
You didn't know any spells.
Your spell library contained the following spells:

 Spells                   Type           Power      Damage    Failure   Level
 Scorch                   Fire           8%         2d5       32%         2
 Beastly Appendage        Tmut           0%         N/A       47%         1
 Sting                    Tmut/Pois      0%         1d3       47%         1
 Poisonous Vapours        Pois/Air       0%         N/A       63%         2
 Wereblood                Tmut           0%         N/A       63%         2
 Conjure Flame            Conj/Fire      2%         6-21      71%         3
 Inner Flame              Hex/Fire       2%         N/A       71%         3
 Ignite Poison            Fire/Tmut/Pois 1%         N/A       77%         3
 Spider Form              Tmut/Pois      0%         N/A       85%         3
 Sticky Flame             Conj/Fire      2%         2d3       98%         4
 Cause Fear               Hex            0%         N/A       99%         4
 Olgreb's Toxic Radiance  Pois           0%         N/A       99%         4
 Discord                  Hex            0%         N/A       100%        8


Dungeon Overview and Level Annotations

Branches:
Dungeon (11/15)            Temple (1/1) D:5             Orc (0/2) D:10
Ossuary (visited)
   Lair: D:8-11

Altars:
Ashenzari
Cheibriados
Dithmenos
Elyvilon
Fedhas
Gozag
Hepliaklqana
Kikubaaqudgha
Makhleb
Nemelex Xobeh
Okawaru
Qazlal
Ru
Sif Muna
Trog
Uskayaw
Vehumet
Wu Jian
Xom
Yredelemnul
Zin
The Shining One
Beogh

Shops:
D:6 (   D:8 =   D:10 ?

Annotations:
D:3 Crazy Yiuf


Innate Abilities, Weirdness & Mutations

You are too large for most types of armour.
You have claws for hands.
Your natural rate of healing is unusually fast.
You are covered in fur. (AC +1)
You have tough skin. (AC +1)


Message History

A centaur comes into view.
The centaur shoots an arrow.
The arrow hits you!
The centaur wields a +0 shortbow.
The centaur shoots an arrow.
The arrow completely misses you.
You hear a shout!
The centaur shoots an arrow.
The arrow hits you but does no damage.
The centaur shoots an arrow.
The arrow hits you!
The centaur wields a +0 shortbow.
The centaur shoots an arrow.
The arrow barely misses you.
Unknown command.
Unknown command.
The centaur wields a +0 shortbow.
The centaur shoots an arrow.
The arrow hits you. The yak barely misses you.
You mangle the yak!!
The yak is heavily wounded.
The centaur shoots an arrow.
The arrow barely misses you.
The centaur shoots an arrow.
The arrow hits you.
The centaur shoots an arrow.
The arrow hits you. The yak barely misses you.
Unknown command.
You claw the yak!
The yak is almost dead.
The centaur shoots an arrow.
The arrow hits you!
The centaur shoots an arrow.
The arrow hits you!
The centaur shoots an arrow.
The arrow barely misses you.
A yak comes into view.
The yak barely misses you.
The yak bellows!
Unknown command.
The centaur shoots an arrow.
The arrow hits you!
The centaur shoots an arrow.
The arrow barely misses you.
The centaur shoots an arrow.
The arrow hits you!
The centaur shoots an arrow.
The arrow hits you!
The centaur shoots an arrow.
The arrow hits you.
* * * LOW HITPOINT WARNING * * *
The centaur shoots an arrow.
The arrow hits you!
* * * LOW HITPOINT WARNING * * *
The centaur shoots an arrow.
The arrow hits you.
* * * LOW HITPOINT WARNING * * *
The centaur shoots an arrow.
The arrow hits you.
* * * LOW HITPOINT WARNING * * *
The centaur shoots an arrow.
The arrow hits you!
You die...

. .....##.# ..#.
.Y.#.# ......#..#.#
###....c#..#.#####
........ccc...... ###
###.....#.c#.## ..
........#.Y#.[###.# .#
#......#.......... .#
#......#..@###...# .##
#..........# # ..#
######.#...# #. ..#
#...#..... #.#
#######..#..... #.#
#........#......
#.#####.####.....###..
#.......# #.).#.# ..
######### #.....#


You could see 2 yaks and 4 centaurs.

Vanquished Creatures
  Pikel (D:4)
  A kobold demonologist (D:9)
  Maggie (D:8)
  A gargoyle (D:11)
  A troll (D:11)
  A hornet (D:6)
  A vampire (D:11)
  11 yaks
  Grum (D:9)
  Edmund (D:5)
  2 water moccasins
  4 orc warriors
  2 sky beasts
  2 necrophages
  An ogre (D:6)
  3 wolves (D:9)
  3 centaurs
  A phantom (D:6)
  A kobold brigand (D:10)
  2 bullfrogs
  A gnoll sergeant (D:6)
  3 scorpions (D:4)
  7 water moccasin zombies (Ossuary)
  16 killer bees
  5 wights (D:7)
  5 howler monkeys
  3 centaur zombies
  9 orc priests
  A centaur skeleton (D:6)
  5 jellies
  A bullfrog skeleton (D:7)
  Jessica (D:2)
  Ijyb (D:3)
  An iguana (D:5)
  Natasha (thrice) (D:4)
  13 orc wizards
  2 mummies (Ossuary)
  2 howler monkey zombies
  Robin (D:2)
  9 gnolls
  5 adders
  A shadow imp (D:4)
  2 white imps
  2 ufetubi
  4 adder zombies (Ossuary)
  3 worms
  5 dart slugs
  34 orcs
  5 ball pythons
  3 bat zombies (D:8)
  8 endoplasms
  A giant cockroach (D:1)
  3 gnoll zombies (Ossuary)
  14 goblins
  12 hobgoblins
  6 jackals (D:1)
  4 quokkas
  3 training dummies (D:6)
  2 bats (D:1)
  4 frilled lizards (D:1)
  2 hobgoblin zombies (Ossuary)
  12 kobolds
  2 kobold zombies (Ossuary)
  3 orc zombies (Ossuary)
  2 rats
  A spectral orc (D:8)
273 creatures vanquished.

Vanquished Creatures (others)
  7 foxfires (D:3)
7 creatures vanquished.

Grand Total: 280 creatures vanquished

Notes
Turn   | Place    | Note
-------+----------+-------------------------------------------
     0 | D:1      | mandarbmax the Troll Cinder Acolyte began the quest for the
                  | Orb.
     0 | D:1      | Reached XP level 1. HP: 22/22 MP: 1/1
    87 | D:1      | Reached XP level 2. HP: 29/29 MP: 2/2
   236 | D:1      | Reached XP level 3. HP: 36/36 MP: 3/3
   244 | D:1      | Reached skill level 1 in Dodging
   875 | D:2      | Noticed Robin
   884 | D:2      | Reached skill level 4 in Unarmed Combat
   894 | D:2      | Killed Robin
   895 | D:2      | Reached XP level 4. HP: 19/44 MP: 4/4
  1269 | D:2      | Noticed Jessica
  1277 | D:2      | Killed Jessica
  1442 | D:3      | Reached XP level 5. HP: 50/53 MP: 5/5
  1548 | D:3      | Noticed Ijyb
  1565 | D:3      | Killed Ijyb
  1680 | D:3      | Found a runed translucent door.
  1681 | D:3      | Noticed Crazy Yiuf
  1884 | D:3      | Reached skill level 5 in Unarmed Combat
  1988 | D:3      | HP: 3/79 [poisoned by Crazy Yiuf]
  1993 | D:3      | HP: 2/53 [poisoned by Crazy Yiuf]
  1998 | D:3      | HP: 1/53 [poisoned by Crazy Yiuf]
  2122 | D:4      | Reached XP level 6. HP: 61/61 MP: 6/6
  2229 | D:4      | Noticed Pikel
  2268 | D:4      | Killed Pikel
  2269 | D:4      | Reached skill level 6 in Unarmed Combat
  2269 | D:4      | Reached XP level 7. HP: 15/70 MP: 7/7
  2390 | D:4      | Reached XP level 8. HP: 74/79 MP: 8/8
  2445 | D:4      | Noticed Natasha
  2457 | D:4      | Killed Natasha
  2482 | D:4      | Found a white marble altar of Elyvilon.
  2557 | D:4      | Noticed Natasha
  2609 | D:4      | Killed Natasha
  2610 | D:4      | Reached skill level 7 in Unarmed Combat
  2674 | D:4      | Noticed Natasha
  2678 | D:4      | Killed Natasha
  2722 | D:5      | Entered Level 5 of the Dungeon
  2740 | D:5      | Found a radiant altar of Vehumet.
  2745 | D:5      | Noticed Edmund
  2758 | D:5      | Killed Edmund
  2772 | D:5      | Found a staircase to the Ecumenical Temple.
  2780 | Temple   | Entered the Ecumenical Temple
  2897 | D:5      | Found a sand-covered staircase.
  2902 | Ossuary  | Entered an ossuary
  3252 | D:5      | Reached skill level 5 in Fighting
  3254 | D:5      | Reached skill level 8 in Unarmed Combat
  3583 | D:5      | Found a blossoming altar of Fedhas.
  3931 | D:6      | Found Ceekk's Firing Range.
  4097 | D:6      | Reached XP level 9. HP: 86/88 MP: 9/9
  4258 | D:6      | Found a shimmering blue altar of Sif Muna.
  4308 | D:6      | Found a large runed translucent door.
  4349 | D:6      | Found a glowing golden altar of the Shining One.
  4571 | D:6      | Reached skill level 9 in Unarmed Combat
  4748 | D:6      | Identified the +8 rapier of Qaynaih {venom, rCorr Str-4
                  | Int+4 Dex+6}
  4818 | D:6      | Found a shimmering altar of Xom.
  4911 | D:6      | Found a large runed translucent door.
  4919 | D:6      | Found a hide-covered altar of Uskayaw.
  4925 | D:6      | Found a hazy altar of Hepliaklqana.
  5148 | D:7      | Found an ornate altar of the Wu Jian Council.
  5331 | D:7      | Reached skill level 5 in Dodging
  5408 | D:7      | Reached skill level 5 in Throwing
  5644 | D:7      | Found an iron altar of Okawaru.
  5656 | D:7      | Reached XP level 10. HP: 92/98 MP: 10/10
  6068 | D:8      | Reached skill level 10 in Unarmed Combat
  6167 | D:8      | Found Sinurodi's Jewellery Boutique.
  6201 | D:8      | Found an ancient bone altar of Kikubaaqudgha.
  6580 | D:8      | Found a basalt altar of Yredelemnul.
  6714 | D:8      | Found a broken altar of Ashenzari.
  6821 | D:8      | Noticed Maggie
  6834 | D:8      | Killed Maggie
  6968 | D:9      | Reached skill level 11 in Unarmed Combat
  7188 | D:9      | Noticed Grum
  7209 | D:9      | Killed Grum
  7365 | D:9      | Reached XP level 11. HP: 69/109 MP: 11/11
  7779 | D:10     | Entered Level 10 of the Dungeon
  7809 | D:10     | Found a staircase to the Orcish Mines.
  8253 | D:10     | Found Qiamo's Magic Scroll Shoppe.
  8260 | D:10     | Bought a scroll of blinking for 82 gold pieces
  8546 | D:11     | Shot with an arrow by a centaur

Illustrated notes

Levels and vault maps discovered:
D:1:      scummos_arrival_checkerplants, layout_rooms
D:2:      layout_loops_corners, nrook_mini_vaults, nrook_mini_backslash,
          hangedman_decor_opposing, minmay_misc_feat_pillars, uniq_robin,
          uniq_jessica
D:3:      layout_rooms, minmay_misc_feat_five, kennysheep_orc_chapel, uniq_ijyb,
          uniq_crazy_yiuf_cottage
D:4:      layout_rooms, lemuel_tele_altar, wad_floor_pattern_untrapped,
          uniq_natasha, uniq_pikel
D:5:      layout_cave_pods, fiery_altar_vehumet,
          mainiacjoe_overflow_cross_hatched, minmay_temple_entry_mist,
          enter_ossuary_5, serial_bayou_crossing, uniq_edmund
D:6:      layout_gridville, tso_oasis_becter,
          mainiacjoe_overflow_concentric_impassable,
          mainiacjoe_overflow_six_doors_small, jmf_multi_god_temple2,
          nicolae_shop_firing_range
D:7:      layout_loops_ring, nicolae_wu_jian_wuxing_cycle,
          mainiacjoe_overflow_surrounded_room
D:8:      layout_cave_pools, lemuel_zombie_altar_kikubaaqudgha,
          mainiacjoe_overflow_brackets, yredelemnul_forgotten_temple_becter,
          serial_shops, shop, uniq_maggie
D:9:      layout_long_grid, uniq_grum
D:10:     layout_rooms, orc_0_dummy, serial_shops, nicolae_square_shop
D:11:     layout_basic, lair_entry_dummy, minmay_misc_feat_cross,
          kennysheep_island_fort, uniq_erolcha, uniq_nergalle
Temple:   compressed_dpeg_triangle_lava_temple

Skill      XL: |  1  2  3  4  5  6  7  8  9 10 |
---------------+-------------------------------+-----
Dodging        | 1 2 3 4 5 6 |  6.0
Unarmed Combat | 4 5 6 8 9 11 | 11.8
Fighting       | 3 4 5 6 7 |  7.2
Throwing       | 2 3 5 6 |  6.8
Spellcasting   | |  1.0
Fire Magic     | |  2.1

Action                   |  1- 3 |  4- 6 |  7- 9 | 10-12 || total
-------------------------+-------+-------+-------+-------++-------
Melee: Unarmed           |   119 |   127 |   388 |   266 ||   900
       Punch             |     1 |     1 |    12 |     8 ||    22
Throw: Dart              |       |    32 |    60 |    41 ||   133
       Javelin           |       |       |       |     2 ||     2
       Boomerang         |       |       |       |     8 ||     8
Invok: Fiery Armour      |     1 |       |       |       ||     1
       Foxfire Swarm     |       |     1 |       |       ||     1
Evoke: Wand              |       |       |       |     2 ||     2
  Use: Scroll            |       |     4 |     5 |     2 ||    11
       Potion            |       |     3 |     3 |       ||     6
 Stab: Invisible         |       |     4 |       |       ||     4
Armor: Robe              |    52 |    40 |   140 |    31 ||   263
       Swamp dragon scal |       |       |       |    66 ||    66
Dodge: Dodged            |    63 |    76 |   163 |   139 ||   441

Table legend: (Time is in decaauts)
 A = Elapsed time spent in this place.
 B = Non-inter-level travel time spent in this place.
 C = Inter-level travel time spent in this place.
 D = Time resting spent in this place.
 E = Time spent auto-exploring this place.
 F = Levels seen in this place.
 G = Mean time per level.
                   A        B        C        D        E       F      G
               +--------+--------+--------+--------+--------+-----+--------+
         Total |   8411 |   8089 |    322 |    229 |   5918 |  13 |  647.0 |
       Dungeon |   8056 |   7734 |    322 |    195 |   5809 |  11 |  732.4 |
        Temple |     78 |     78 |      0 |      0 |      0 |   1 |   78.0 |
       Ossuary |    276 |    276 |      0 |     34 |    109 |   1 |  276.0 |
               +--------+--------+--------+--------+--------+-----+--------+

Top non-repeatable levels by time:
     D:7: 1163 daAuts
     D:6: 1095 daAuts
     D:2: 938 daAuts
     D:5: 824 daAuts
     D:9: 796 daAuts
     D:8: 714 daAuts
     D:4: 657 daAuts
    D:10: 639 daAuts
     D:3: 635 daAuts
     D:1: 481 daAuts
 Ossuary: 276 daAuts
    D:11: 112 daAuts
  Temple: 78 daAuts
